 Dungeon Crawl Stone Soup version 0.30.1-11-g7821555f0a (webtiles) character file.

Game seed: 3738897679070979606

17644 lonewolfV2 the Nimble (level 12, -10/91 HPs)
             Began as a Formicid Fighter on Nov 9, 2023.
             Was a Priest of Qazlal.
             Mangled by a boulder beetle (17 damage)
             ... on level 12 of the Dungeon.
             The game lasted 00:19:38 (12656 turns).

lonewolfV2 the Nimble (Formicid Fighter)           Turns: 12656, Time: 00:19:38

Health: -10/91     AC: 16    Str: 28    XL:     12   Next: 85%
Magic:  17/18      EV: 16    Int: 14    God:    Qazlal [***...]
Gold:   944        SH: 10    Dex: 20    Spells: 11/11 levels left

rFire   . . .        g - +10 executioner's axe of Patterns {drain, Str+6}
rCold   . . .        c - +0 buckler
rNeg    . . .        w - +0 chain mail
rPois   +            (helmet unavailable)
rElec   .            O - +0 cloak
rCorr   .            B - +0 pair of gloves {Dex+3}
SInv    +            x - +2 pair of boots of the Pleiades {Will+}
Will    ++...        (no amulet) Stlth
                     n - ring of poison resistance
HPRegen 0.35/turn    H - +6 ring of intelligence
MPRegen 0.16/turn

%: no passive effects
@: mighty, invisible
A: permanent stasis, dig shafts and tunnels, antennae 3, four strong arms, fangs
1, MP-powered wands
a: Dig, Shaft Self, Renounce Religion, Upheaval, Elemental Force


You were on level 12 of the Dungeon.
You worshipped Qazlal.
Qazlal was most pleased with you.
You visited 2 branches of the dungeon, and saw 13 of its levels.
You also visited: Ossuary.

You collected 944 gold pieces.

Inventory:

Hand Weapons
 a - a +3 spectral war axe
 g - the +10 executioner's axe of Patterns (weapon) {drain, Str+6}
   (You acquired it on level 1 of the Dungeon)

   Str:       It affects your strength (+6).
 M - a +0 demon blade
 P - the +4 quarterstaff "Olar" {flame, rF+}
   (You found it on level 11 of the Dungeon)

   rF:        It protects you from fire.
Missiles
 s - 4 throwing nets
Armour
 c - a +0 buckler (worn)
 e - a +2 pair of gloves
 w - a +0 chain mail (worn)
 x - the +2 pair of boots of the Pleiades (worn) {Will+}
   (You acquired it in an ossuary)

   Will:      It increases your willpower.
 B - a +0 pair of gloves of dexterity (worn)
 D - the +1 pair of gloves of Inevitability {rCorr}
   (You found it on level 7 of the Dungeon)

   rCorr:     It protects you from acid and corrosion.
 O - a +0 cloak (worn)
Jewellery
 n - a ring of poison resistance (left hand)
 u - a ring of ice
 H - a +6 ring of intelligence (right hand)
 K - a ring of willpower
Wands
 j - a wand of quicksilver (6)
 o - a wand of mindburst (27)
 y - a wand of digging (3)
 J - a wand of paralysis (5)
Scrolls
 f - a scroll of torment
 k - 3 scrolls of fog
 v - a scroll of poison
 C - 3 scrolls of magic mapping
 I - a scroll of enchant weapon
 L - a scroll of amnesia
 N - 2 scrolls of identify
Potions
 b - 2 potions of flight
 d - a potion of might
 i - a potion of magic
 l - 6 potions of degeneration
 m - a potion of mutation
 p - 5 potions of brilliance
 q - a potion of invisibility
 r - 4 potions of attraction
 t - 2 potions of lignification
 A - a potion of cancellation
Miscellaneous
 F - a phantom mirror


   Skills:
 - Level 7.1 Fighting
 * Level 10.9 Axes
 - Level 8.0 Armour
 * Level 12.2 Dodging
 - Level 4.0 Shields
 + Level 8.0 Invocations


You had 11 spell levels left.
You didn't know any spells.
Your spell library contained the following spells:

 Spells                   Type           Power      Damage    Failure   Level
 Beastly Appendage        Tmut           0%         N/A       78%         1
 Ensorcelled Hibernation  Hex/Ice        0%         N/A       89%         2
 Lesser Beckoning         Tloc           0%         N/A       89%         2
 Passwall                 Tmut/Erth      0%         N/A       89%         2
 Wereblood                Tmut           0%         N/A       89%         2
 Gell's Gravitas          Tloc           0%         N/A       98%         3
 Spider Form              Tmut/Pois      0%         N/A       98%         3
 Teleport Other           Tloc           0%         N/A       98%         3
 Passage of Golubria      Tloc           0%         N/A       100%        4
 Silence                  Hex/Air        0%         N/A       100%        5
 Lehudib's Crystal Spear  Conj/Erth      0%         10d2      100%        8
 Swiftness                Air            Unusable   N/A       N/A         3

Dungeon Overview and Level Annotations

Branches:
Dungeon (12/15)            Temple (1/1) D:7            Lair (0/5) D:9
    Orc (0/2) D:9         Ossuary (visited)

Altars:
Ashenzari
Cheibriados
Dithmenos
Elyvilon
Fedhas
Gozag
Hepliaklqana
Kikubaaqudgha
Makhleb
Nemelex Xobeh
Okawaru
Qazlal
Ru
Sif Muna
Trog
Uskayaw
Vehumet
Wu Jian
Xom
Yredelemnul
Zin
The Shining One

Shops:
D:5 ?   D:9 *   D:10 (*!


Innate Abilities, Weirdness & Mutations

You cannot be hasted, slowed, berserked, paralysed or teleported.
You can dig through walls and to a lower floor.
You have a pair of large antennae on your head. (SInv)
Your four strong arms can wield two-handed weapons with a shield.
You have very sharp teeth.
You expend magic power (3 MP) to strengthen your wands.


Message History

The vampire mosquito closely misses you.
The vampire mosquito bites you.
The vampire mosquito draws strength from your injuries!
You hit the boulder beetle.
The boulder beetle is moderately wounded.
You barely miss the vampire mosquito. You hit the troll.
You completely miss the vampire mosquito.
You block the vampire mosquito's attack.
The vampire mosquito bites you but does no damage.
The boulder beetle barely misses you. The troll misses you.
You block the troll's attack. The troll closely misses you.
The rakshasa weaves an illusion.
The boulder beetle shimmers and seems to become two!
The vampire mosquito bites you.
* * * LOW HITPOINT WARNING * * *
The vampire mosquito draws strength from your injuries!
The vampire mosquito is engulfed in a thunderstorm.
You destroy the vampire mosquito!
Qazlal accepts your kill. The rakshasa misses you. The troll barely misses you.
You block the troll's attack. The troll claws you.
* * * LOW HITPOINT WARNING * * *
Your Invocations skill increases to level 8!
You feel very mighty all of a sudden.
The vampire mosquito closely misses you.
The boulder beetle leaps!
The vampire mosquito closely misses you.
The rakshasa hits you from afar with a +0 trident!
* * * LOW HITPOINT WARNING * * *
The troll bites you.
* * * LOW HITPOINT WARNING * * *
The troll claws you but does no damage. x2
You fade into invisibility!
The vampire mosquito closely misses you.
You block the vampire mosquito's attack.
The rakshasa hits you but does no damage.
The troll barely misses you. You block the troll's attack. The troll claws you.
* * * LOW HITPOINT WARNING * * *
The boulder beetle barely misses you. The boulder beetle bites you!
You die...

.#...... ..### ..####...
#... #.## .#### #...
#... ....?##.. #...
..#.#.. #...
#.#..#############...
##RTB................
#..y@B...............
#....ยง.......#.......##
.......###....#.......##
.......###....#..###..##
........................
########################


You could see 2 boulder beetles, a rakshasa, a troll (unable to see you,
drained) and a vampire mosquito (unable to see you).

Vanquished Creatures
  A centaur warrior (D:11)
  Erica (D:11)
  3 two-headed ogres
  4 skeletal warriors (D:12)
  Pikel (D:4)
  A deep elf zephyrmancer (D:12)
  2 manticores
  3 unseen horrors
  Maggie (D:8)
  6 trolls
  A hornet (D:10)
  3 slime creatures (D:9)
  A vampire (D:9)
  2 shadows (D:10)
  A wyvern (D:7)
  13 yaks
  A steam dragon (D:8)
  3 vampire mosquitoes (D:12)
  An acid dragon (D:4)
  3 water moccasins
  A meliai simulacrum (D:12)
  2 orc warriors
  3 ice beasts (D:7)
  6 centaurs
  2 ogres
  A lemure (D:4)
  4 phantoms
  5 kobold brigands
  2 bullfrogs (D:7)
  2 gnoll sergeants
  2 scorpions
  4 wights (D:10)
  10 killer bees
  4 howler monkeys
  Crazy Yiuf (D:3)
  3 hounds
  3 orc priests
  3 jellies
  Ijyb (D:3)
  Natasha (D:4)
  4 iguanas
  15 orc wizards
  13 mummies (Ossuary)
  Robin (D:3)
  19 gnolls
  13 adders
  A river rat (D:4)
  A shadow imp (D:5)
  3 white imps
  An ufetubus (D:5)
  2 worms
  A dart slug (D:2)
  31 orcs
  4 bats
  5 endoplasms
  5 giant cockroaches
  19 goblins
  8 hobgoblins
  A jackal (D:5)
  27 kobolds
  5 quokkas
  16 ball pythons
  5 frilled lizards
  2 gnoll skeletons (Ossuary)
  3 goblin skeletons (Ossuary)
  2 goblin zombies (D:6)
  3 orc skeletons (Ossuary)
  6 rats
  11 rat skeletons (Ossuary)
  A spectral goblin (D:8)
340 creatures vanquished.

Vanquished Creatures (others)
  A slime creature (D:12)
1 creature vanquished.

Grand Total: 341 creatures vanquished

Notes
Turn   | Place    | Note
-------+----------+-------------------------------------------
     0 | D:1      | lonewolfV2 the Formicid Fighter began the quest for the
                  | Orb.
     0 | D:1      | Reached XP level 1. HP: 18/18 MP: 1/1
   235 | D:1      | Reached XP level 2. HP: 24/24 MP: 2/2
   247 | D:1      | Reached skill level 1 in Dodging
   715 | D:1      | Identified a scroll of acquirement
   715 | D:1      | Acquired the +10 executioner's axe of Patterns {drain,
                  | Str+6}
   995 | D:2      | Reached XP level 3. HP: 28/29 MP: 3/3
  1358 | D:2      | Reached skill level 2 in Dodging
  1358 | D:2      | Reached XP level 4. HP: 36/37 MP: 4/4
  1824 | D:3      | Noticed Robin
  1843 | D:3      | Killed Robin
  1844 | D:3      | Reached XP level 5. HP: 37/42 MP: 5/5
  2025 | D:3      | Found a basalt altar of Yredelemnul.
  2042 | D:3      | Noticed Ijyb
  2049 | D:3      | HP: 2/42 [Ijyb/bolt of dispelling energy (14)]
  2052 | D:3      | Killed Ijyb
  2053 | D:3      | Reached skill level 3 in Dodging
  2466 | D:3      | Found a runed translucent door.
  2467 | D:3      | Noticed Crazy Yiuf
  2745 | D:3      | Killed Crazy Yiuf
  2808 | D:4      | Reached XP level 6. HP: 32/49 MP: 6/6
  3165 | D:4      | Reached skill level 4 in Dodging
  3171 | D:4      | HP: 2/50 [gnoll/+0 spear (3)]
  3172 | D:4      | Reached XP level 7. HP: 2/55 MP: 7/7
  3172 | D:4      | Gained mutation: You expend magic power (3 MP) to
                  | strengthen your wands. [potion of mutation]
  3172 | D:4      | Gained mutation: You have very sharp teeth. [potion of
                  | mutation]
  3443 | D:4      | Reached skill level 5 in Fighting
  3443 | D:4      | Reached skill level 5 in Armour
  3458 | D:4      | Noticed an acid dragon
  3462 | D:4      | Killed an acid dragon
  3847 | D:4      | Noticed Pikel
  3862 | D:4      | Killed Pikel
  3863 | D:4      | Reached skill level 5 in Dodging
  3863 | D:4      | Reached XP level 8. HP: 47/64 MP: 8/8
  4210 | D:4      | Noticed Natasha
  4217 | D:4      | Killed Natasha
  4311 | D:4      | Reached skill level 6 in Dodging
  4453 | D:4      | Acquired 405 gold pieces
  4462 | D:5      | Entered Level 5 of the Dungeon
  4466 | D:5      | Found Kaejeif's Magic Scroll Shop.
  4766 | D:5      | Reached XP level 9. HP: 54/71 MP: 9/9
  5422 | D:5      | Reached skill level 7 in Dodging
  5854 | D:6      | Found a sand-covered staircase.
  5878 | Ossuary  | Entered an ossuary
  6445 | Ossuary  | Acquired the +2 pair of boots of the Pleiades {Will+}
  6937 | D:6      | Found an ornate altar of the Wu Jian Council.
  7040 | D:6      | Found a broken altar of Ashenzari.
  7372 | D:7      | Reached skill level 8 in Dodging
  7409 | D:7      | Reached XP level 10. HP: 48/79 MP: 10/10
  7661 | D:7      | Found a staircase to the Ecumenical Temple.
  7675 | D:7      | Reached skill level 5 in Axes
  7686 | Temple   | Entered the Ecumenical Temple
  7708 | Temple   | Became a worshipper of Qazlal Stormbringer
  7926 | D:7      | Reached skill level 1 in Invocations
  8033 | D:7      | Identified the +1 pair of gloves of Inevitability {rCorr}
  8472 | D:8      | Found a sacrificial altar of Ru.
  8483 | D:8      | Reached * piety under Qazlal
  8509 | D:8      | Reached skill level 9 in Dodging
  8560 | D:8      | Found a bloodstained altar of Trog.
  8569 | D:8      | Noticed a two-headed ogre
  8575 | D:8      | Killed a two-headed ogre
  8739 | D:8      | Noticed Maggie
  8748 | D:8      | Killed Maggie
  8785 | D:8      | Found a snail-covered altar of Cheibriados.
  9121 | D:8      | Found a hazy altar of Hepliaklqana.
  9358 | D:9      | Found a radiant altar of Vehumet.
  9363 | D:9      | Reached XP level 11. HP: 77/84 MP: 13/13
  9444 | D:9      | Found a staircase to the Lair.
  9640 | D:9      | Found Maiffene's General Store.
  9644 | D:9      | Reached ** piety under Qazlal
  9652 | D:9      | Reached skill level 10 in Dodging
 10182 | D:9      | Found a staircase to the Orcish Mines.
 10286 | D:10     | Entered Level 10 of the Dungeon
 10286 | D:10     | Found Qobengow's Assorted Antiques.
 10398 | D:10     | Found Molisokh's Antique Weapon Boutique.
 10434 | D:10     | Reached skill level 5 in Invocations
 10766 | D:10     | Found a flagged portal.
 10785 | D:10     | Noticed a two-headed ogre
 10805 | D:10     | Killed a two-headed ogre
 10989 | D:10     | Found Mentod's Distillery.
 11407 | D:11     | Reached skill level 11 in Dodging
 11519 | D:11     | Noticed Erica
 11527 | D:11     | Killed Erica
 11528 | D:11     | Reached XP level 12. HP: 69/91 MP: 16/16
 11679 | D:11     | Reached *** piety under Qazlal
 11806 | D:11     | Noticed a two-headed ogre
 11819 | D:11     | Killed a two-headed ogre
 12124 | D:11     | Identified the +4 quarterstaff "Olar" {flame, rF+}
 12124 | D:11     | Noticed a centaur warrior
 12134 | D:11     | Killed a centaur warrior
 12135 | D:11     | Reached skill level 10 in Axes
 12293 | D:12     | Noticed a skeletal warrior
 12307 | D:12     | Noticed a skeletal warrior
 12307 | D:12     | Noticed a skeletal warrior
 12307 | D:12     | Noticed a skeletal warrior
 12312 | D:12     | Killed a skeletal warrior
 12326 | D:12     | Killed a skeletal warrior
 12332 | D:12     | Killed a skeletal warrior
 12334 | D:12     | Killed a skeletal warrior
 12335 | D:12     | Reached skill level 12 in Dodging
 12647 | D:12     | Noticed a rakshasa
 12650 | D:12     | Noticed a boulder beetle
 12656 | D:12     | Mangled by a boulder beetle

Illustrated notes

Levels and vault maps discovered:
D:1:      dpeg_arrival_castle, layout_basic, minmay_tripent
D:2:      layout_loops_ring
D:3:      layout_basic, mainiacjoe_overflow_alcove_2, uniq_crazy_yiuf_cottage,
          uniq_ijyb, uniq_robin
D:4:      layout_loops_cross, portal_sewer_entry_b, minmay_bisected,
          uniq_natasha, uniq_pikel
D:5:      layout_basic, serial_shops, shop, grunt_tough_drop
D:6:      hellmonk_ruined_rings, layout_cave_pods, mainiacjoe_overflow_swirl,
          enter_ossuary_4
D:7:      layout_basic, minmay_temple_entry_crystal_x
D:8:      layout_loops_ring, nicolae_ru_great_annihilating_truth, slow_altar_1,
          bloody_trog, nicolae_hepliaklqana_monster_ancestors, minivault_21,
          kennysheep_minor_cross, uniq_maggie
D:9:      layout_cross, fiery_altar_vehumet, lair_entry_dummy, serial_shops,
          shop
D:10:     kennysheep_ambush_hall, layout_basic, lightli_bailey_entry_fortress,
          serial_shops, kennysheep_mini_moat, nicolae_shop_tiny_statue_garden,
          shop
D:11:     layout_basic, uniq_erica
D:12:     layout_stronghold, minmay_ruined_shrine
Temple:   zaba_magenta_temple

Skill      XL: |  1  2  3  4  5  6  7  8  9 10 11 12 |
---------------+-------------------------------------+-----
Dodging        | 1 2 3 4 5 6 8 9 11 12 | 12.2
Armour         | 4 6 7 8 |  8.0
Fighting       | 4 5 6 7 |  7.1
Axes           | 4 7 9 10 | 10.9
Invocations    | 3 6 8 |  8.0
Shields        | |  4.0

Action                     |  1- 3 |  4- 6 |  7- 9 | 10-12 || total
---------------------------+-------+-------+-------+-------++-------
  Melee: War axe           |    40 |       |       |       ||    40
         Executioner's axe |    27 |    60 |   204 |   262 ||   553
         Bite              |       |       |    14 |    29 ||    43
 Invoke: Upheaval          |       |       |       |     3 ||     3
  Evoke: Wand              |       |     1 |     2 |       ||     3
    Use: Scroll            |     3 |     6 |    14 |     5 ||    28
         Potion            |       |     1 |     4 |    11 ||    16
   Stab: Paralysed         |       |       |       |     1 ||     1
 Armour: Scale mail        |    45 |    28 |    37 |       ||   110
         Chain mail        |       |       |    66 |   181 ||   247
  Dodge: Dodged            |    45 |    49 |   138 |   300 ||   532
  Block: Buckler           |    18 |    11 |    55 |   179 ||   263
